 Dungeon Crawl Stone Soup version 0.17.1-2-g5865329 (webtiles) character file.

4658 kaze the Nimble (level 10, -6/100 HPs)
             Began as a Troll Berserker on Feb 3, 2016.
             Was an Elder of Trog.
             Mangled by an orc warrior
             ... wielding a +0 flail
              (12 damage)
             ... on level 10 of the Dungeon.
             The game lasted 00:41:54 (7541 turns).

kaze the Nimble (Troll Berserker)                   Turns: 7541, Time: 00:41:54

Health: -6/100     AC:  6    Str: 30    XL:     10   Next: 20%
Magic:  9/9        EV: 12    Int:  5    God:    Trog [****..]
Gold:   332        SH:  0    Dex:  9    Spells: 0 memorised, 9 levels left

rFire  x . .     SeeInvis .     x - +3 giant club
rCold  + . .     Clarity  .     a - +2 animal skin
rNeg   . . .     SustAt   .     (shield currently unavailable)
rPois  +         Gourm    +     (helmet restricted)
rElec  .         Spirit   .     (no cloak)
rCorr  .         Warding  .     (gloves unavailable)
rMut   .         Stasis   +     (boots unavailable)
MR     ++...                    q - amulet of stasis
Stlth  +.........               r - ring of ice
                                h - ring of poison resistance

@: regenerating, very resistant to hostile enchantments, very unstealthy
A: unfitting armour, claws 3, blurry vision 2, clever 1, deformed body, fast
metabolism 3, gourmand, regeneration 2, screaming 1, shaggy fur 1, spit poison
1, tough skin 2, wild magic 1
a: Spit Poison, Berserk, Trog's Hand, Brothers in Arms, Burn Spellbooks,
Renounce Religion


You were on level 10 of the Dungeon.
You worshipped Trog.
Trog was greatly pleased with you.
You were full.

You visited 1 branch of the dungeon, and saw 10 of its levels.
You also visited: Sewer.

You collected 332 gold pieces.

Inventory:

Hand Weapons
 c - a +0 war axe
 x - a +3 giant club (weapon)
Armour
 a - a +2 animal skin (worn)
Jewellery
 h - a ring of poison resistance (left claw)
 q - an amulet of stasis (around neck)
 r - a ring of ice (right claw)
 t - an uncursed ring of flight
 y - an uncursed ring of fire
Scrolls
 e - 2 scrolls of remove curse
 g - 2 scrolls of enchant armour
 j - 5 scrolls of teleportation
 s - 2 scrolls of enchant weapon
 z - a scroll of immolation
Potions
 d - 2 potions of heal wounds
 i - 2 potions of lignification
 l - 2 potions of brilliance
 m - a potion of magic
 n - 3 potions of curing
 o - a potion of invisibility
Comestibles
 b - a bread ration
 f - a meat ration


   Skills:
 + Level 6.8 Fighting
 + Level 7.2 Maces & Flails
 + Level 8.8 Dodging
 + Level 3.8 Unarmed Combat


You had 9 spell levels left.
You didn't know any spells.

Dungeon Overview and Level Annotations

Branches:
Dungeon (10/15)            Temple (0/1) D:7
   Lair: D:8-11         Orc: D:9-12

Altars:
Zin


Innate Abilities, Weirdness & Mutations

You are too large for most types of armour.
You have claws for hands.
Your metabolism is lightning-fast.
You like to eat raw meat.
You heal very quickly.
You are covered in fur (AC +1).
You have very tough skin (AC +2).
Scrolls take you longer to read.
Your mind is acute. (Int +2)
Armour fits poorly on your strangely shaped body.
You occasionally shout uncontrollably at your foes.
You can spit weak poison.
Your spells are a little harder to cast, but a little more powerful.


Message History

You feel resistant to hostile enchantments.
You feel slightly less full.
The centaur shoots an arrow.
The arrow barely misses you. The orc warrior closely misses you.
The centaur shoots an arrow.
The arrow closely misses you.
You bludgeon the orc!!
You kill the orc!
Trog accepts your kill. The centaur barely misses you.
The orc warrior hits you with a flail!
* * * LOW HITPOINT WARNING * * *
You closely miss the centaur. The centaur hits you with a shortbow.
* * * LOW HITPOINT WARNING * * *
The scorpion misses you. The orc warrior hits you with a flail!
* * * LOW HITPOINT WARNING * * *
The centaur hits you with a shortbow.
* * * LOW HITPOINT WARNING * * *
You hit the centaur but do no damage. The centaur hits you with a shortbow.
* * * LOW HITPOINT WARNING * * *
The scorpion stings you but does no damage.
The orc warrior hits you with a flail!
You die...

..[....### ### #.........
........## ##.####..#.##..
.........###...###....#....
.........#.##.###..........
....>.....)................
...........(...(...........
......<...).(..............
...............(.s.........
................@c.........
.................o)(.......
...........................
...........................
..........)................
.....................!.....
..................
#.##.##........... ..
##.......#..


You could see an orc warrior, a centaur and a scorpion.

Vanquished Creatures
  The ghost of DishwasherDemon the Cleaver, a novice MiBe of Trog (D:6)
  Grinder (D:6)
  2 hungry ghosts
  2 hippogriffs (D:8)
  Menkaure (D:6)
  2 water moccasins
  2 orc warriors
  3 ice beasts
  2 black bears
  4 sky beasts
  2 phantoms
  A crocodile (D:9)
  6 ogres
  A centaur (D:6)
  A big kobold (Sewer)
  6 giant frogs
  A scorpion (D:9)
  A quasit (D:9)
  6 hounds
  A crimson imp (D:6)
  An electric eel (D:8)
  A centaur zombie (D:7)
  3 iguanas
  2 orc wizards
  2 worker ants
  A killer bee zombie (D:8)
  3 hound skeletons
  A worker ant zombie (D:10)
  8 adders
  A river rat (Sewer)
  A shadow imp (D:5)
  3 oozes
  2 adder skeletons
  An adder zombie (D:7)
  4 worms
  6 giant geckos
  16 orcs
  5 ball pythons
  8 bats
  10 giant cockroaches
  11 hobgoblins
  6 quokkas
  A giant cockroach zombie (D:5)
  6 giant newts
  5 jackals
  A jackal skeleton (D:6)
  A jackal zombie (D:5)
  12 kobolds
  12 rats
180 creatures vanquished.

Vanquished Creatures (others)
  A scorpion (D:5)
  A jelly (D:5)
2 creatures vanquished.

Grand Total: 182 creatures vanquished

Notes
Turn   | Place    | Note
--------------------------------------------------------------
     0 | D:1      | kaze the Troll Berserker began the quest for the Orb.
     0 | D:1      | Reached XP level 1. HP: 22/22 MP: 0/0
   421 | D:1      | Reached XP level 2. HP: 27/29 MP: 1/1
   608 | D:1      | Reached ** piety under Trog
   747 | D:1      | Reached XP level 3. HP: 36/36 MP: 2/2
  2036 | D:3      | Reached XP level 4. HP: 42/44 MP: 3/3
  2927 | D:4      | Noticed an ogre
  2935 | D:4      | Killed an ogre
  2935 | D:4      | Reached *** piety under Trog
  2935 | D:4      | Reached skill level 1 in Maces & Flails
  2935 | D:4      | Reached XP level 5. HP: 20/53 MP: 4/4
  3001 | D:4      | Reached skill level 4 in Dodging
  3035 | D:4      | Noticed a phantom
  3055 | D:4      | Killed a phantom
  3055 | D:4      | Reached XP level 6. HP: 44/61 MP: 5/5
  3114 | D:4      | Found a glowing drain.
  3136 | Sewer    | Entered a sewer
  3739 | D:4      | Noticed a water moccasin
  3753 | D:4      | Killed a water moccasin
  3753 | D:4      | Reached XP level 7. HP: 55/68 MP: 6/6
  3772 | D:4      | Reached skill level 5 in Dodging
  3923 | D:5      | Entered Level 5 of the Dungeon
  4519 | D:5      | Found a glowing silver altar of Zin.
  4760 | D:6      | Gained mutation: Your spells are a little harder to cast, but a little more powerful. [mutagenic meat]
  4761 | D:6      | Gained mutation: Scrolls take you a little longer to read. [mutagenic meat]
  4762 | D:6      | Gained mutation: You occasionally shout uncontrollably at your foes. [mutagenic meat]
  4763 | D:6      | Gained mutation: Scrolls take you longer to read. [mutagenic meat]
  4764 | D:6      | Gained mutation: Armour fits poorly on your strangely shaped body. [mutagenic meat]
  4836 | D:6      | Reached XP level 8. HP: 70/79 MP: 7/7
  5024 | D:6      | Reached skill level 6 in Dodging
  5066 | D:6      | Reached **** piety under Trog
  5146 | D:6      | Reached skill level 5 in Fighting
  5208 | D:6      | Noticed Grinder
  5217 | D:6      | Killed Grinder
  5217 | D:6      | Reached skill level 5 in Maces & Flails
  5257 | D:6      | Noticed DishwasherDemon's ghost (novice MiBe)
  5281 | D:6      | Killed DishwasherDemon's ghost
  5281 | D:6      | Reached skill level 7 in Dodging
  5281 | D:6      | Reached XP level 9. HP: 68/89 MP: 8/8
  5333 | D:6      | Noticed Menkaure
  5366 | D:6      | Killed Menkaure
  5877 | D:7      | Found a staircase to the Ecumenical Temple.
  6454 | D:8      | Reached skill level 8 in Dodging
  6900 | D:9      | Reached XP level 10. HP: 64/100 MP: 9/9
  7260 | D:9      | Gained mutation: You can spit weak poison. [mutagenic meat]
  7261 | D:9      | Gained mutation: Your mind is acute. (Int +2) [mutagenic meat]
  7418 | D:10     | Entered Level 10 of the Dungeon
  7540 | D:10     | HP: 5/100 [centaur/shortbow (2)]
  7541 | D:10     | Mangled by an orc warrior

Action                   |  1- 3 |  4- 6 |  7- 9 | 10-12 || total
-------------------------+-------+-------+-------+-------++-------
Melee: Unarmed           |    69 |       |       |       ||    69
       Mace              |    52 |    64 |       |       ||   116
       Flail             |       |    19 |       |       ||    19
       Giant club        |       |   101 |   265 |    56 ||   422
Invok: Berserk           |       |     3 |     3 |       ||     6
       Trog's Hand       |       |     1 |     4 |     1 ||     6
  Use: Scroll            |       |     7 |    13 |       ||    20
       Potion            |       |       |     9 |       ||     9
  Eat: Chunk             |    22 |    14 |    25 |     8 ||    69
       Pizza             |       |       |     2 |       ||     2
       Bread ration      |       |       |     5 |       ||     5
       Meat ration       |       |       |     1 |     1 ||     2
       Beef jerky        |       |       |     1 |     1 ||     2
       Royal jelly       |       |       |     1 |       ||     1
